 Dungeon Crawl Stone Soup version 0.17-a0-1011-gfa70bdd (console) character file.

271 sose the Chopper (level 6, -3/52 HPs)
             Began as a Hill Orc Fighter on May 13, 2015.
             Was a Follower of Beogh.
             Slain by a gnoll
             ... wielding a +0 spear
              (6 damage)
             ... on level 4 of the Dungeon.
             The game lasted 00:08:14 (2872 turns).

sose the Chopper (Hill Orc Fighter)                 Turns: 2872, Time: 00:08:15

Health: -3/52      AC:  8    Str: 19    XL:     6   Next: 23%
Magic:  6/6        EV:  9    Int: 10    God:    Beogh [*.....]
Gold:   141        SH:  0    Dex: 10    Spells: 0 memorised, 5 levels left

rFire  . . .     SeeInvis .     a - +0 war axe
rCold  . . .     Clarity  .     b - +0 scale mail
rNeg   . . .     SustAb   .     (no shield)
rPois  .         Gourm    .     (no helmet)
rElec  .         Spirit   .     (no cloak)
rCorr  .         Warding  .     m - +0 pair of gloves
rMut   +         Stasis   .     (no boots)
MR     .....                    i - amulet of resist mutation
Stlth  ..........               (no ring)
                                (no ring)

@: not resistant to hostile enchantments, extremely unstealthy
A: no striking features
a: Renounce Religion


You were on level 4 of the Dungeon.
You worshipped Beogh.
Beogh was aware of your devotion.
You were hungry.

You visited 1 branch of the dungeon, and saw 4 of its levels.

You collected 141 gold pieces.

Inventory:

Hand weapons
 a - a +0 war axe (weapon)
Missiles
 k - 126 stones (quivered)
Armour
 b - a +0 scale mail (worn)
 c - a +0 shield
 m - a +0 pair of gloves (worn)
Jewellery
 i - an amulet of resist mutation (around neck)
 p - an uncursed ring of fire
Scrolls
 f - a scroll of blinking {unknown}
 g - 9 scrolls of identify {unknown}
 j - 3 scrolls of remove curse {unknown}
 l - a scroll of recharging {unknown}
 n - 2 scrolls of amnesia {unknown}
 o - 2 scrolls of immolation {unknown}
 r - a scroll of magic mapping {unknown}
Potions
 d - a potion of might
 h - a potion of cure mutation {unknown}
 s - a potion of heal wounds {unknown}
 t - 3 potions of curing {unknown}
 w - a potion of flight {unknown}
Books
 v - a book of Callings

   Spells                             Type                      Level
   a - Summon Small Mammal            Summoning                    1
   b - Call Imp                       Summoning                    2
   c - Call Canine Familiar           Summoning                    3
   d - Summon Guardian Golem          Hexes/Summoning              3
   e - Summon Lightning Spire         Summoning/Air                4
   f - Summon Ice Beast               Ice/Summoning                4
Comestibles
 e - 2 bread rations
 q - a slice of pizza


   Skills:
 + Level 4.1 Fighting
 + Level 7.7 Axes
 + Level 3.5 Armour
 + Level 3.6 Shields


You had 5 spell levels left.
You didn't know any spells.

Dungeon Overview and Level Annotations

Branches:
Dungeon (4/15)
 Temple: D:4-7

Altars:
Ashenzari
Makhleb
The Shining One


Message History

You hit the orc.
You kill the orc!
Beogh accepts your kill. The gnoll hits you but does no damage.
You slash the gnoll!
You kill the gnoll!
Beogh accepts your kill. The gnoll barely misses you.
The gnoll hits you but does no damage.
You closely miss the gnoll. The gnoll barely misses you.
The gnoll hits you from afar with a spear.
* * * LOW HITPOINT WARNING * * *
All of the chunks of flesh in your inventory have rotted away.
The gnoll barely misses you.
There is an open door here.
The gnoll hits you from afar with a spear!
* * * LOW HITPOINT WARNING * * *
The gnoll misses you.
The gnoll hits you from afar with a spear.
You die...

##.................## ##..#....
#.†..####....#.....# #.......
.†...#.##'#.##..#..# ##>....#
..#..##.....##..##..# ##....#
.##..##.....##...#....## #....#
......'.._..'....#......#####....
......#.........g#.........##....
......#......#g..#...............
.....#..#...##..@#..##....<......
##....#.#.#.##...#..####.........
.#..................# ##........
.#..................# ##........
.#.......###........# #.........
...####..# ##.......####..##.....
.........####........##...####...
.........................## ##..
####.................[..## #.


You could see 2 gnolls.

Vanquished Creatures
  A crimson imp (D:4)
  2 orc wizards
  Natasha (twice) (D:4)
  A gnoll (D:4)
  6 adders
  A white imp (D:4)
  A shadow imp (D:4)
  13 orcs
  7 giant cockroaches
  5 goblins
  5 hobgoblins
  4 jackals (D:2)
  11 kobolds
  A quokka (D:2)
  11 bats
  4 giant newts
  2 goblin skeletons (D:4)
  2 goblin zombies (D:4)
  3 hobgoblin zombies (D:4)
  3 kobold skeletons (D:4)
  A kobold zombie (D:4)
  An orc skeleton (D:4)
  An orc zombie (D:4)
  9 rats
97 creatures vanquished.

Notes
Turn   | Place    | Note
--------------------------------------------------------------
     0 | D:1      | sose the Hill Orc Fighter began the quest for the Orb.
     0 | D:1      | Reached XP level 1. HP: 19/19 MP: 1/1
    82 | D:1      | Reached XP level 2. HP: 26/26 MP: 2/2
   229 | D:1      | Reached skill level 4 in Axes
   677 | D:2      | Reached XP level 3. HP: 26/31 MP: 3/3
   726 | D:2      | Reached skill level 5 in Axes
   882 | D:2      | Found a burning altar of Makhleb.
  1138 | D:3      | Reached XP level 4. HP: 31/39 MP: 4/4
  1439 | D:3      | Reached skill level 6 in Axes
  1445 | D:3      | Became a worshipper of Beogh the Brigand
  1820 | D:4      | Found a shattered altar of Ashenzari.
  1825 | D:4      | Noticed Natasha
  1849 | D:4      | Killed Natasha
  1849 | D:4      | Reached XP level 5. HP: 18/45 MP: 5/5
  2103 | D:4      | Reached skill level 7 in Axes
  2105 | D:4      | Acquired Beogh's first power
  2646 | D:4      | Found a glowing golden altar of the Shining One.
  2658 | D:4      | Reached XP level 6. HP: 46/52 MP: 6/6
  2745 | D:4      | Noticed Natasha
  2765 | D:4      | Killed Natasha
  2867 | D:4      | HP: 2/52 [gnoll/spear (8)]
  2872 | D:4      | Slain by a gnoll

Vault maps used:
D:1:      sevenhm_arrival_forest_fort_small_3
D:2:      bloody_makhleb
D:3:      first_bread
D:4:      ashenzari_altar_1, minmay_curled_crystal,
          nicolae_tso_besieged_by_evil, uniq_natasha, uniq_eustachio,
          uniq_crazy_yiuf_cottage

Action                   |  1- 3 |  4- 6 || total
-------------------------+-------+-------++-------
Melee: War axe           |   112 |   153 ||   265
Invok: Convert to Beogh  |       |     1 ||     1
  Eat: Meat ration       |       |     1 ||     1
       Chunk             |       |     1 ||     1
